 Dungeon Crawl Stone Soup version 0.23.0 (webtiles) character file.

Game seed: 2691388088458779777

39 tidbits the Charmwright (level 3, 15/31 HPs)
             Began as a Gnoll Skald on Feb 11, 2019.
             Quit the game on level 3 of the Dungeon.
             The game lasted 00:02:08 (278 turns).

tidbits the Charmwright (Gnoll Skald)                Turns: 278, Time: 00:02:08

Health: 15/31      AC:  3    Str: 13    XL:     3   Next: 47%
Magic:  4/9        EV: 14    Int: 16    God:
Gold:   17         SH:  0    Dex: 14    Spells: 1/12 levels left

rFire    . . .     SeeInvis .   a - +0 spear
rCold    . . .     Gourm    .   (no shield)
rNeg     . . .     Faith    .   b - +0 leather armour
rPois    .         Spirit   .   (no helmet)
rElec    .         Reflect  .   (no cloak)
rCorr    .         Harm     .   (no gloves)
MR       .....                  (no boots)
Stlth    +.........             (no amulet)
HPRegen  0.10/turn              (no ring)
MPRegen  0.11/turn              (no ring)

@: quite poisoned (15 -> 7), singing
A: distributed training, fangs 1, strong nose
a: no special abilities


You were on level 3 of the Dungeon.
You were not hungry.

You visited 1 branch of the dungeon, and saw 3 of its levels.

You collected 17 gold pieces.

Inventory:

Hand Weapons
 a - a +0 spear (weapon)
 f - a +0 hunting sling
Missiles
 g - 22 sling bullets
Armour
 b - a +0 leather armour (worn)
Scrolls
 c - a scroll of magic mapping {unknown}
 e - a scroll of identify {unknown}
Potions
 h - a potion of heal wounds {unknown}
Comestibles
 d - 2 rations


   Skills:
 + Level 4.5 Fighting
 + Level 0.8 Short Blades
 + Level 0.8 Long Blades
 + Level 0.8 Axes
 + Level 0.8 Maces & Flails
 + Level 4.5 Polearms
 + Level 0.8 Staves
 + Level 0.8 Slings
 + Level 0.8 Bows
 + Level 0.8 Crossbows
 + Level 0.8 Throwing
 + Level 2.6 Armour
 + Level 4.5 Dodging
 + Level 0.8 Stealth
 + Level 0.8 Shields
 + Level 0.8 Unarmed Combat
 + Level 5.0 Spellcasting
 + Level 0.5 Conjurations
 + Level 0.5 Hexes
 + Level 5.4 Charms
 + Level 0.5 Summonings
 + Level 0.5 Necromancy
 + Level 0.5 Translocations
 + Level 0.5 Transmutations
 + Level 0.5 Fire Magic
 + Level 0.5 Ice Magic
 + Level 0.5 Air Magic
 + Level 0.5 Earth Magic
 + Level 0.5 Poison Magic
 + Level 1.0 Invocations
 + Level 0.8 Evocations


You had one spell level left.
You knew the following spells:

 Your Spells              Type           Power        Failure   Level  Hunger
g - Shroud of Golubria    Chrm/Tloc      ##........   9%          2    #......
i - Infusion              Chrm           ###.         1%          1    None
r - Regeneration          Chrm/Necr      ##........   17%         3    ###....
w - Spectral Weapon       Hex/Chrm       ##......     17%         3    ###....
y - Song of Slaying       Chrm           ###.....     3%          2    #......

Your spell library contained the following spells:

 Spells                   Type           Power        Failure   Level  Hunger


Dungeon Overview and Level Annotations

Branches:
Dungeon (3/15)

Altars:

Annotations:
D:3 Robin


Innate Abilities, Weirdness & Mutations

Your experience applies equally to all skills.
You have very sharp teeth.
Your uncanny sense of smell can sniff out nearby items.


Message History

The worm is moderately wounded.
Your spectral weapon hits the worm from afar.
Attack whom?
Press: ? - help, Dir - move target cursor, f/p - worm
Aim: a worm (heavily wounded)
You reach to attack!
You hit the worm but do no damage.
The worm is heavily wounded.
Your spectral weapon hits the worm from afar.
You hit the worm.
The worm is almost dead.
Your spectral weapon hits the worm.
You kill the worm!
You see here a worm corpse.
Unknown command.
Found a stone staircase leading down.
Your spectral weapon fades away.
There is a stone staircase leading down here.
There is a stone staircase leading up here.
Found 23 arrows.
Found a puce potion.
You see here a puce potion.
h - a puce potion
Found a ration.
There is a stone staircase leading up here.
There is a stone staircase leading down here.
You climb downwards.
Level annotation: Robin A bat and an adder come into view.
The adder hisses angrily.
The bat moves out of view.
There is a stone staircase leading up here.
Unknown command.
Casting: Spectral Weapon (safe; 17% risk of failure)
Confirm with . or Enter, or press ? or * to list all spells.
You draw out your weapon's spirit!
The adder bites you.
You are poisoned.
The adder poisons you! The adder misses you.
Unknown command.
You closely miss the adder.
You feel sick.
Your spectral weapon closely misses the adder.
The adder closely misses you.
You hit the adder. Your bite misses the adder.
The adder is heavily wounded.
Your spectral weapon barely misses the adder.
The adder barely misses you.
You hit the adder.
The adder is heavily wounded.
Your spectral weapon barely misses the adder.
The adder closely misses you.
You closely miss the adder.
The adder is heavily wounded.
You feel sick.
Your spectral weapon closely misses the adder.
The adder bites you. The bat barely misses you.
Casting: Spectral Weapon (safe; 17% risk of failure)
Confirm with . or Enter, or press ? or * to list all spells.
You start singing a song of slaying.
The bat misses you. x2
The adder bites you.
An adder comes into view.
Unknown command.
You closely miss the adder.
The adder is heavily wounded.
Your spectral weapon misses the adder.
The bat misses you.
A bat comes into view.
The adder closely misses you.
You hit the adder.
The adder is severely wounded.
You feel sick.
Your spectral weapon barely misses the adder.
The bat hits you but does no damage. The adder barely misses you.
The adder bites you but does no damage.
You hit the adder. Your bite misses the adder.
The adder is almost dead.
Your spectral weapon barely misses the adder.
The bat misses you. The adder barely misses you.
You hit the adder.
You kill the adder!
Your Invocations skill increases to level 1!
The bat barely misses you. x2
The bat hits you but does no damage. The bat closely misses you.
The bat hits your spectral weapon but does no damage.
The adder barely misses your spectral weapon.
You feel sick. The bat misses your spectral weapon.
The goblin barely misses you. The bat hits you but does no damage.
Unknown command.
The bat barely misses your spectral weapon.
The bat hits your spectral weapon.
The goblin barely misses your spectral weapon.
Something hits your spectral weapon but does no damage.
The bat closely misses your spectral weapon.
Something hits your spectral weapon but does no damage.
The bat misses your spectral weapon.
The bat barely misses your spectral weapon.
The goblin hits your spectral weapon but does no damage.
The adder bites you.
* * * LOW HITPOINT WARNING * * *
You are more poisoned.
The adder poisons you!
Unknown command.
Are you sure you want to abandon this character and quit the game? (Confirm with "yes".)

#..#......
######..#......
#.......#......
#..............
#..............
#####..............
...................
#...b<.#S@.#
....#....#.g## .
#.....b.##
.......g.##
#.........#
..........#
........#.###
##......#...g. #
.......##...g.####..#


You could see an adder, 2 goblins and a bat.

Vanquished Creatures
  2 adders
  A worm (D:2)
  4 bats (D:2)
  A goblin (D:2)
  A hobgoblin (D:2)
  A quokka (D:2)
  A ball python (D:2)
  2 frilled lizards
  5 kobolds (D:2)
  A rat (D:2)
19 creatures vanquished.

Notes
Turn   | Place    | Note
-------+----------+-------------------------------------------
     0 | D:1      | tidbits the Gnoll Skald began the quest for the Orb.
     0 | D:1      | Reached XP level 1. HP: 20/20 MP: 6/6
    42 | D:1      | Reached XP level 2. HP: 22/26 MP: 0/7
    46 | D:1      | Learned a level 2 spell: Song of Slaying
    49 | D:1      | Learned a level 2 spell: Shroud of Golubria
   122 | D:3      | Noticed Robin
   183 | D:2      | Reached XP level 3. HP: 31/31 MP: 2/9
   194 | D:2      | Learned a level 3 spell: Regeneration
   198 | D:2      | Learned a level 3 spell: Spectral Weapon
   203 | D:2      | Reached skill level 5 in Spellcasting
   273 | D:3      | Reached skill level 1 in Invocations
   278 | D:3      | Quit the game

Skill      XL: |  1  2  3 |
---------------+----------+-----
Spellcasting   | 5 |  5.0
Invocations    | 1 |  1.0
Fighting       | |  4.5
Short Blades   | |  0.8
Long Blades    | |  0.8
Axes           | |  0.8
Maces & Flails | |  0.8
Polearms       | |  4.5
Staves         | |  0.8
Slings         | |  0.8
Bows           | |  0.8
Crossbows      | |  0.8
Throwing       | |  0.8
Armour         | |  2.6
Dodging        | |  4.5
Stealth        | |  0.8
Shields        | |  0.8
Unarmed Combat | |  0.8
Conjurations   | |  0.5
Hexes          | |  0.5
Charms         | |  5.4
Summonings     | |  0.5
Necromancy     | |  0.5
Translocations | |  0.5
Transmutations | |  0.5
Fire Magic     | |  0.5
Ice Magic      | |  0.5
Air Magic      | |  0.5
Earth Magic    | |  0.5
Poison Magic   | |  0.5
Evocations     | |  0.8

Action                   || total
-------------------------++-------
Melee: Spear             ||    64
       Bite              ||     3
 Cast: Infusion          ||     3
       Song of Slaying   ||     2
       Spectral Weapon   ||     2
Armor: Leather armour    ||    10
Dodge: Dodged            ||    40

Table legend:
 A = Turns spent in this place as a percentage of turns spent in the entire game.
 B = Non-inter-level travel turns spent in this place as a percentage of non-inter-level travel turns spent in the entire game.
 C = Inter-level travel turns spent in this place as a percentage of turns spent in this place.
 D = Turns resting spent in this place as a percentage of non-inter-level travel turns spent in this place.
 E = Turns spent auto-exploring this place as a percentage of non-inter-level travel turns spent in this place.
 F = Non-inter-level travel turns spent in this place divided by the number of levels of this place that you've seen.
                   A       B       C       D       E      F
               +-------+-------+-------+-------+-------+----------------------
         Total | 100.0 | 100.0 |   0.0 |   0.0 |   0.0 |  92.7
       Dungeon | 100.0 | 100.0 |   0.0 |   0.0 |   0.0 |  92.7
               +-------+-------+-------+-------+-------+----------------------

Table legend:
 A = Kills in this place as a percentage of kills in entire the game.
 B = Kills by you in this place as a percentage of kills by you in the entire game.
 C = Kills by friends in this place as a percentage of kills by friends in the entire game.
 D = Other kills in this place as a percentage of other kills in the entire game.
 E = Experience gained in this place as a percentage of experience gained in the entire game.
 F = Experience gained in this place divided by the number of levels of this place that you have seen.
                   A       B       C       D       E      F
               +-------+-------+-------+-------+-------+----------------------
         Total | 100.0 | 100.0 |   N/A |   N/A | 100.0 |  19.0
       Dungeon | 100.0 | 100.0 |   N/A |   N/A | 100.0 |  19.0
               +-------+-------+-------+-------+-------+----------------------

Levels and vault maps discovered:
D:1:      tarquinn_simple_flora_water_c, layout_basic, palyth_stone_intersect
D:2:      layout_loops_ring
D:3:      layout_rooms, first_ration, uniq_crazy_yiuf_cottage, uniq_grinder,
          uniq_robin
